 Dungeon Crawl Stone Soup version 0.31.0-12-g77e489cdc1 (webtiles) character file.

Game seed: 10121529015600553765

23508 grmbl the Destroyer (level 12, 0/51 HPs)
             Began as a Felid Conjurer on Feb 25, 2024.
             Was a Priest of Vehumet.
             Slain by a meliai
             ... wielding a +0 hand axe
              (11 damage)
             ... on level 4 of the Lair of Beasts.
             The game lasted 01:43:39 (39340 turns).

grmbl the Destroyer (Felid Conjurer)               Turns: 39340, Time: 01:43:39

Health: 0/51       AC:  3    Str:  3    XL:     12   Next: 72%
Magic:  20/34      EV: 17    Int: 28    God:    Vehumet [***...]
Gold:   304        SH:  5    Dex: 16    Spells: 8/28 levels left
                                        Lives:  0   Deaths: 4

rFire   . . .        (weapon unavailable)
rCold   + . .        (shield unavailable)
rNeg    . . .        (body armour unavailable)
rPois   +            (helmet unavailable)
rElec   .            (cloak unavailable)
rCorr   .            (gloves unavailable)
SInv    +            (boots unavailable)
Will    +....        t - amulet of reflection
Stlth   +++++        c - ring of magical power
HPRegen 0.28/turn    x - ring of poison resistance
MPRegen 0.24/turn

%: reflection
@: no status effects
A: very small, claws 1, fangs 3, see invisible, shaggy fur 3, stealthy paws, no
weapons or thrown items, no armour, multi-lived, thin skeletal structure 1,
passive freeze
a: Renounce Religion


You were on level 4 of the Lair of Beasts.
You worshipped Vehumet.
Vehumet was most pleased with you.
You visited 4 branches of the dungeon, and saw 17 of its levels.

You collected 694 gold pieces.
You spent 390 gold pieces at shops.

Inventory:

Jewellery
 c - a ring of magical power (left paw)
 e - a ring of protection from cold
 j - an amulet of the acrobat
 k - a ring of willpower
 s - an amulet of regeneration
 t - an amulet of reflection (around neck)
 v - a ring of wizardry
 x - a ring of poison resistance (right paw)
 z - a ring of resist corrosion
Wands
 i - a wand of roots (2)
 l - a wand of charming (16)
 n - a wand of polymorph (3)
 u - a wand of light (2)
Scrolls
 f - a scroll of fear
 m - 2 scrolls of enchant armour {unknown}
 o - a scroll of vulnerability
 r - 2 scrolls of amnesia
 w - a scroll of acquirement {unknown}
 D - a scroll of immolation {unknown}
 E - 2 scrolls of teleportation
 F - 2 scrolls of noise
Potions
 b - 2 potions of attraction
 d - 3 potions of berserk rage
 g - a potion of haste
 h - a potion of invisibility
 p - 2 potions of enlightenment
 q - 3 potions of curing
 C - a potion of cancellation {unknown}


   Skills:
 - Level 2.6 Dodging
 + Level 8.2 Stealth
 + Level 8.8 Spellcasting
 + Level 13.1 Conjurations
 - Level 7.2 Translocations
 * Level 11.0 Alchemy


You had 8 spell levels left.
You knew the following spells:

 Your Spells              Type           Power      Damage    Failure   Level
a - Magic Dart            Conj           100%       1d8       0%          1
b - Searing Ray           Conj           100%       2d8       1%          2
c - Fulminant Prism       Conj/Alch      34%        3d15      1%          4
d - Iskenderun's Mystic   Conj/Tloc      62%        2d13      1%          4
e - Olgreb's Toxic Radia  Alch           65%        N/A       1%          4
f - Iskenderun's Battles  Conj           72%        2d12      1%          5

Your spell library contained the following spells:

 Spells                   Type           Power      Damage    Failure   Level
 Apportation              Tloc           100%       N/A       1%          1
 Brom's Barrelling Bould  Conj/Erth      49%        2d7       1%          4
 Alistair's Intoxication  Alch           43%        N/A       1%          5
 Irradiate                Conj/Alch      34%        3d23      1%          5
 Fireball                 Conj/Fire      24%        3d11      2%          5
 Slow                     Hex            48%        N/A       4%          1
 Petrify                  Alch/Erth      43%        N/A       4%          4
 Orb of Destruction       Conj           36%        9d11      4%          7
 Ensorcelled Hibernation  Hex/Ice        24%        N/A       7%          2
 Jinxbite                 Hex            24%        N/A       7%          2
 Sublimation of Blood     Necr           12%        N/A       7%          2
 Conjure Ball Lightning   Conj/Air       24%        3x3d7     13%         6
 Confusing Touch          Hex            12%        N/A       14%         3
 Passwall                 Erth           12%        N/A       14%         3
 Sigil of Binding         Hex            12%        N/A       14%         3
 Swiftness                Air            12%        N/A       14%         3
 Vampiric Draining        Necr           12%        2d6       14%         3
 Summon Blazeheart Golem  Fire/Summ      12%        N/A       41%         4
 Spellforged Servitor     Conj/Summ      24%        N/A       52%         7


Dungeon Overview and Level Annotations

Branches:
Dungeon (11/15)            Temple (1/1) D:6            Lair (4/5) D:10
  Snake (1/4) Lair:2          Orc (0/2) D:9
  Swamp: Lair:2-3    Shoals: Lair:2-3     Slime: Lair:4-5

Altars:
Ashenzari
Cheibriados
Dithmenos
Elyvilon
Fedhas
Gozag
Hepliaklqana
Kikubaaqudgha
Makhleb
Nemelex Xobeh
Okawaru
Qazlal
Ru
Sif Muna
Trog
Uskayaw
Vehumet
Wu Jian
Xom
Yredelemnul
Zin
The Shining One

Shops:
D:5 =   D:7 =

Annotations:
D:2 1 runed translucent door, Crazy Yiuf
D:5 amrefl


Innate Abilities, Weirdness & Mutations

You have sharp claws.
You have razor-sharp teeth.
You have supernaturally acute eyesight. (SInv)
Your thick and shaggy fur keeps you warm. (AC +3, rC+)
Your paws help you pounce on unaware monsters.
You are incapable of wielding weapons or throwing items.
You cannot wear armour.
You gain extra lives every three experience levels.
You have a somewhat thin skeletal structure. (Dex +2, Stealth+)
A frigid envelope surrounds you and freezes all who hurt you.


Message History

(Press . to maintain the ray.)
The queen bee calls on something to defend it!
Your Alchemy skill increases to level 11!
The searing ray hits the killer bee.
The killer bee is lightly wounded.
The killer bee is poisoned.
The killer bee closely misses you.
The killer bee is engulfed in poison gas.
The killer bee looks even sicker.
The killer bee stings you.
The killer bee is very cold.
The killer bee is heavily wounded.
The killer bee is engulfed in poison gas.
The killer bee looks even sicker.
The killer bee stings you!
The killer bee is very cold.
The killer bee is almost dead.
You hear an angry buzzing noise.
The searing ray hits the killer bee.
You kill the killer bee!
Vehumet accepts your kill.
You hear an angry buzzing noise. x3
A killer bee comes into view.
The queen bee calls on something to defend it! x2
A meliai comes into view. It is wielding a +0 hand axe.
A killer bee comes into view.
Okay, then.
Casting: Searing Ray (safe; 1% risk of failure)
Confirm with . or Enter, or press ? or * to list all spells.
Restarting spell: Searing Ray (safe; 1% risk of failure)
Press: ? - help, Shift-Dir - straight line, f - meliai
Aim: a meliai, wielding a +0 hand axe and wearing a +0 robe (poison gas, berserk, 74% to hit)
The searing ray misses the meliai. (Press . to maintain the ray.)
The killer bee buzzes angrily. x2
The meliai is engulfed in poison gas.
The meliai is poisoned.
The meliai hits you with a +0 hand axe!
* * * LOW HITPOINT WARNING * * *
The meliai is very cold.
The meliai is lightly wounded.
The meliai barely misses you.
The meliai looks even sicker.
The meliai hits you with a +0 hand axe!
You die...

## #y ### ### #.
###.###.##### #y
#...........# #y
#..........## #y
#...§.......#
#y####○§°§......P#
#†@☼○..§§○......##
#§§.°§§○☼§........#
§○§§##.☼.§○☼§○°......#
.○. ##☼°.§.§.☼......#
# ##○##P#§###..###
######## #.#.# #
##..## #. ### ##..##
#.###.## ## ####
###.#..##


You could see a queen bee, 2 meliai and 2 killer bees.

Vanquished Creatures
  A hydra (Lair:2)
  A two-headed ogre (D:10)
  2 cyclopes (D:11)
  4 black mambas (Lair:2)
  A torpor snail (Lair:1)
  6 cane toads
  Maggie (D:9)
  2 komodo dragons
  Jeremiah (D:8)
  2 rime drakes
  4 trolls (D:11)
  A hornet (D:10)
  Grinder (D:4)
  3 blink frogs (Lair:2)
  6 dream sheep (Lair:3)
  2 wraiths (D:9)
  Sigmund (D:2)
  3 wyverns
  2 basilisks
  27 yaks
  Edmund (D:5)
  17 water moccasins
  4 black bears
  8 orc warriors
  3 ice beasts
  8 centaurs
  An ogre (D:5)
  13 wolves
  3 kobold brigands
  9 bullfrogs
  A gnoll sergeant (D:9)
  Blork the orc (D:6)
  4 scorpions
  5 wights
  13 killer bees
  A howler monkey (D:9)
  4 bombardier beetles
  4 hounds
  4 gnoll boudas
  5 jellies
  9 orc priests
  Jessica (D:2)
  12 orc wizards
  3 sleepcaps
  An iguana (D:5)
  A wolf simulacrum (Lair:1)
  9 adders
  20 gnolls
  2 river rats (D:5)
  A white imp (D:7)
  6 ufetubi
  5 ribbon worms
  7 dart slugs
  43 orcs
  9 endoplasms
  3 giant cockroaches
  7 goblins
  13 hobgoblins
  13 jackals
  7 quokkas
  6 ball pythons
  5 bats
  5 frilled lizards
  14 kobolds
  9 rats
  2 fulminant prisms (Lair:2)
393 creatures vanquished.

Vanquished Creatures (others)
  75 fulminant prisms
75 creatures vanquished.

Grand Total: 468 creatures vanquished

Notes
Turn   | Place    | Note
-------+----------+-------------------------------------------
     0 | D:1      | grmbl the Felid Conjurer began the quest for the Orb.
     0 | D:1      | Reached XP level 1. HP: 9/9 MP: 4/4
   516 | D:1      | Reached XP level 2. HP: 13/13 MP: 3/6
   651 | D:1      | Learned a level 2 spell: Searing Ray
   949 | D:1      | Reached skill level 4 in Conjurations
  1518 | D:1      | Reached XP level 3. HP: 16/16 MP: 7/7
  2177 | D:2      | Noticed Jessica
  2271 | D:2      | Killed Jessica
  2272 | D:2      | Reached XP level 4. HP: 21/21 MP: 9/9
  2272 | D:2      | Gained a life (2 lives remaining)
  2499 | D:2      | Noticed Sigmund
  3529 | D:2      | Found a runed translucent door.
  3530 | D:2      | Noticed Crazy Yiuf
  3735 | D:2      | Killed Sigmund
  3736 | D:2      | Reached skill level 5 in Stealth
  3736 | D:2      | Reached skill level 5 in Conjurations
  3736 | D:2      | Reached XP level 5. HP: 15/24 MP: 3/10
  3942 | D:3      | Found a basalt altar of Yredelemnul.
  3994 | D:3      | Learned a level 4 spell: Fulminant Prism
  4255 | D:3      | Found a faded altar of an unknown god.
  4287 | D:3      | Gained mutation: You are covered in thick fur. (AC +2)
                  | [Felid growth]
  4287 | D:3      | Reached XP level 6. HP: 28/28 MP: 11/11
  4324 | D:3      | Found an ornate altar of the Wu Jian Council.
  5005 | D:3      | Found a white marble altar of Elyvilon.
  5148 | D:3      | Found an opulent altar of Gozag.
  5810 | D:4      | Noticed Grinder
  6317 | D:4      | Paralysed by Grinder for 3 turns
  6323 | D:4      | Killed Grinder
  6324 | D:4      | Reached skill level 6 in Conjurations
  6324 | D:4      | Reached XP level 7. HP: 18/32 MP: 12/13
  7647 | D:5      | Entered Level 5 of the Dungeon
  7701 | D:5      | Found a glowing silver altar of Zin.
  8195 | D:5      | Reached skill level 7 in Conjurations
  8318 | D:5      | Reached XP level 8. HP: 36/36 MP: 15/15
  8851 | D:5      | Noticed Edmund
  8859 | D:5      | Killed Edmund
 10115 | D:5      | Found Kups's Jewellery Boutique.
 10428 | D:5      | Reached skill level 5 in Spellcasting
 11178 | D:6      | Noticed Blork the orc
 11587 | D:6      | Reached skill level 8 in Conjurations
 12389 | D:6      | Killed Blork the orc
 12774 | D:6      | Found a staircase to the Ecumenical Temple.
 12818 | Temple   | Entered the Ecumenical Temple
 12825 | Temple   | Became a worshipper of Vehumet
 12989 | D:6      | Reached XP level 9. HP: 39/39 MP: 13/18
 13308 | D:7      | Reached skill level 1 in Alchemy
 13799 | D:7      | Found a flagged portal.
 14186 | D:7      | Reached skill level 9 in Conjurations
 15040 | D:7      | Reached * piety under Vehumet
 15040 | D:7      | Offered knowledge of Freeze by Vehumet.
 15404 | D:7      | Learned a level 4 spell: Iskenderun's Mystic Blast
 15527 | D:7      | Found Katasoud's Jewellery Shoppe.
 16088 | D:7      | Hit by a boomerang thrown by an orc
 16088 | D:7      | Lost a life (1 life remaining)
 16287 | D:7      | Reached skill level 5 in Alchemy
 17022 | D:7      | Reached XP level 10. HP: 44/44 MP: 13/21
 17022 | D:7      | Gained a life (2 lives remaining)
 17676 | D:8      | Noticed Jeremiah
 17693 | D:8      | Killed Jeremiah
 19037 | D:5      | Bought an amulet of reflection for 390 gold pieces
 19616 | D:8      | Identified the +11 whip "Jich" {protect, ^Fragile Fly rElec
                  | Stlth+}
 19662 | D:8      | Found a sparkling altar of Nemelex Xobeh.
 20543 | D:8      | HP: 2/44 [killer bee (4)]
 20547 | D:8      | Gained mutation: A frigid envelope surrounds you and
                  | freezes all who hurt you. [potion of mutation]
 20547 | D:8      | Gained mutation: You have a somewhat thin skeletal
                  | structure. (Dex +2, Stealth+) [potion of mutation]
 20547 | D:8      | Succumbed to a killer bee's poison
 20547 | D:8      | Lost a life (1 life remaining)
 21828 | D:8      | Found a burning altar of Makhleb.
 22478 | D:9      | Reached skill level 10 in Conjurations
 23037 | D:9      | Noticed Maggie
 23050 | D:9      | Killed Maggie
 23886 | D:9      | Found a staircase to the Orcish Mines.
 25499 | D:10     | Entered Level 10 of the Dungeon
 25789 | D:10     | Offered knowledge of Foxfire by Vehumet.
 25992 | D:10     | Reached ** piety under Vehumet
 26993 | D:10     | Reached XP level 11. HP: 47/47 MP: 24/24
 26993 | D:10     | Gained a life (2 lives remaining)
 27520 | D:10     | Found a staircase to the Lair.
 27531 | D:10     | Noticed a two-headed ogre
 30457 | D:11     | Reached skill level 11 in Conjurations
 30597 | D:11     | Offered knowledge of Volatile Blastmotes by Vehumet.
 30892 | D:10     | Killed a two-headed ogre
 30893 | D:10     | Reached skill level 1 in Translocations
 30988 | Lair:1   | Entered Level 1 of the Lair of Beasts
 31507 | Lair:1   | Found a frozen archway.
 31645 | Lair:1   | Reached *** piety under Vehumet
 32171 | Lair:1   | Reached skill level 12 in Conjurations
 32355 | Lair:1   | Mangled by a torpor snail
 32355 | Lair:1   | Lost a life (1 life remaining)
 32694 | Lair:1   | Gained mutation: Your thick and shaggy fur keeps you warm.
                  | (AC +3, rC+) [Felid growth]
 32694 | Lair:1   | Reached XP level 12. HP: 51/51 MP: 19/25
 34213 | Lair:2   | Reached skill level 5 in Translocations
 34578 | Lair:2   | Reached skill level 10 in Alchemy
 34962 | Lair:2   | Offered knowledge of Olgreb's Toxic Radiance by Vehumet.
 36483 | Lair:2   | Noticed a seven-headed hydra
 36936 | Lair:2   | Killed a seven-headed hydra
 37533 | Lair:2   | Found a staircase to the Snake Pit.
 38437 | Snake:1  | Entered Level 1 of the Snake Pit
 38589 | Lair:3   | Reached skill level 13 in Conjurations
 38666 | Lair:3   | Learned a level 4 spell: Olgreb's Toxic Radiance
 38672 | Lair:3   | Learned a level 5 spell: Iskenderun's Battlesphere
 38994 | Lair:4   | Noticed a five-headed hydra
 38999 | Lair:4   | Noticed a catoblepas
 39133 | Lair:4   | Killed from afar by a rime drake
 39133 | Lair:4   | Lost a life (0 lives remaining)
 39340 | Lair:4   | Slain by a meliai

Illustrated notes

Levels and vault maps discovered:
D:1:      minmay_arrival_cross, layout_basic, minmay_ruptured
D:2:      layout_loops_ring, uniq_jessica, uniq_sigmund, uniq_crazy_yiuf_cottage
D:3:      layout_rooms, lemuel_coloured_pillars_altar, elyvilon_altar_5,
          lemuel_doored_altar, mainiacjoe_overflow_24_doors,
          ebering_ecumenical_altar_sacrificial, minmay_joined_circles
D:4:      minmay_diamond_boxcup, layout_loops_ring, bh_walls_and_bars,
          uniq_grinder
D:5:      minmay_spotlight, layout_loops_ring, mainiacjoe_overflow_chevrons,
          serial_shops, shop, portal_sewer_entry_e, uniq_edmund
D:6:      lemuel_ice_spiral_2, layout_rooms, minmay_temple_entry_poolview,
          uniq_blork_the_orc
D:7:      layout_rooms, enter_bailey_8, serial_shops, shop,
          kennysheep_nondescript
D:8:      layout_loops_ring, mainiacjoe_overflow_tiny_flanked, bloody_makhleb,
          corexii_leaking_fountain, uniq_jeremiah
D:9:      minmay_skewed_foursquare, layout_loops_ring, uniq_maggie
D:10:     layout_basic, due_lair_maze_entry_diamond
D:11:     layout_roguey
Temple:   hellmonk_temple_two_chambers
Lair:1:   layout_cave_pods, portal_ice_cave_entry_ice_simulacra,
          lemuel_fruit_fields
Lair:2:   layout_chaotic_city, minmay_snake_entry_six_corridors
Lair:3:   layout_loops_ring, elwin_shoals_entry_rooms
Lair:4:   layout_roguey, special_room [special_room_bee]
Snake:1:  cheibrodos_snake_lava_hold, layout_misc_corridors, grunt_ministairs_2,
          drop_trap

Skill      XL: |  1  2  3  4  5  6  7  8  9 10 11 12 |
---------------+-------------------------------------+-----
Stealth        | 3 5 6 7 8 |  8.2
Conjurations   | 4 5 6 7 8 9 10 12 13 | 13.1
Spellcasting   | 3 4 5 7 8 |  8.8
Alchemy        | 5 7 9 11 | 11.0
Translocations | 4 7 |  7.2
Dodging        | |  2.6

Action                     |  1- 3 |  4- 6 |  7- 9 | 10-12 || total
---------------------------+-------+-------+-------+-------++-------
  Melee: Unarmed           |     2 |       |     1 |     8 ||    11
         Punch             |       |       |     1 |     1 ||     2
         Bite              |       |       |       |     2 ||     2
   Cast: Magic Dart        |    70 |    76 |   141 |   178 ||   465
         Searing Ray       |     9 |    27 |    95 |   169 ||   300
         Fulminant Prism   |       |     1 |    14 |    62 ||    77
         Iskenderun's Myst |       |       |       |    47 ||    47
  Evoke: Wand              |       |       |       |     1 ||     1
    Use: Scroll            |     1 |     9 |     5 |    15 ||    30
         Potion            |       |     1 |     4 |    11 ||    16
 Armour: Skin              |       |    15 |    46 |   137 ||   198
  Dodge: Dodged            |    13 |    28 |   159 |   209 ||   409
  Block: Other             |       |       |       |    62 ||    62
         Reflection        |       |       |       |     3 ||     3
